 Dungeon Crawl Stone Soup version 0.29-a0-72-g1732ff48e7 (webtiles) character file.

Game seed: 9946662376749896845

21 porpoise the Insei (level 2, -3/22 HPs)
             Began as a Demonspawn Transmuter on Feb 4, 2022.
             Killed by nerve-wracking pain
             ... invoked by Jessica
              (14 damage)
             ... on level 2 of the Dungeon.
             The game lasted 00:01:39 (934 turns).

porpoise the Insei (Demonspawn Transmuter)           Turns: 934, Time: 00:01:42

Health: -3/22      AC:  4    Str: 10    XL:     2   Next: 62%
Magic:  4/5        EV: 12    Int: 14    God:
Gold:   67         SH:  0    Dex: 13    Spells: 4/5 levels left

rFire   . . .      SeeInvis .     - Unarmed
rCold   . . .      Faith    .   (no shield)
rNeg    . . .      Spirit   .   a - +0 robe
rPois   .          Reflect  .   (helmet currently unavailable)
rElec   .          Harm     .   (no cloak)
rCorr   .          Rampage  .   (no gloves)
Will    .....                   (boots currently unavailable)
Stlth   +.........              (no amulet)
HPRegen 0.07/turn               (no ring)
MPRegen 0.09/turn               (no ring)

@: appendages (expiring)
A: horns 2, talons 2, slimy green scales 1
a: End Transformation


You were on level 2 of the Dungeon.
You had temporarily grown beastly horns and talons.
You visited 1 branch of the dungeon, and saw 2 of its levels.

You collected 67 gold pieces.

Inventory:

Missiles
 c - 27 stones
 e - 3 datura-tipped darts
Armour
 a - a +0 robe (worn)
 d - a +0 buckler
Scrolls
 b - a scroll of teleportation {unknown}
 g - a scroll of noise {unknown}
Potions
 f - a potion of invisibility {unknown}
 h - a potion of haste {unknown}


   Skills:
 + Level 2.0 Fighting
 - Level 1.7 Dodging
 + Level 3.2 Unarmed Combat
 - Level 2.0 Spellcasting
 - Level 1.7 Transmutations


You had 4 spell levels left.
You knew the following spells:

 Your Spells              Type           Power      Damage    Failure   Level
a - Beastly Appendage     Tmut           12%        N/A       12%         1

Your spell library contained the following spells:

 Spells                   Type           Power      Damage    Failure   Level
 Wereblood                Tmut           6%         N/A       17%         2
 Spider Form              Tmut/Pois      3%         N/A       45%         3
 Ice Form                 Ice/Tmut       3%         N/A       86%         4


Dungeon Overview and Level Annotations

Branches:
Dungeon (2/15)

Altars:

Annotations:
D:2 Jessica


Innate Abilities, Weirdness & Mutations

You have temporarily grown beastly horns and talons.
You are partially covered in slimy green scales. (AC +2)


Message History

You closely miss the adder. You claw the adder!
The adder is almost dead.
You feel sick. The bat misses you. The adder barely misses you.
Jessica shouts, "Stop bothering me, or I'll kill you!"
You hit the adder.
You kill the adder!
You feel sick. The bat barely misses you.
Your Fighting skill increases to level 2!
You hit Jessica but do no damage. You headbutt Jessica.
Jessica is heavily wounded.
You feel sick. Jessica completely misses you.
The bat hits you but does no damage. Jessica barely misses you.
You barely miss Jessica.
Jessica is moderately wounded.
Your transformation is almost over.
You feel sick. The bat hits you but does no damage.
Jessica hits you but does no damage.
You completely miss Jessica. Your kick misses Jessica.
Jessica is moderately wounded.
You feel sick.
Jessica mumbles something strange.
Jessica closely misses you.
You hit Jessica but do no damage. You claw Jessica, but do no damage.
Jessica is moderately wounded.
You feel sick.
You are no longer poisoned.
The bat barely misses you.
Jessica very coldly says, "I hate your company."
Jessica hits you with a +0 dagger. x2
You hit Jessica but do no damage. You headbutt Jessica.
Jessica is almost dead.
The bat closely misses you. Jessica barely misses you.
You closely miss Jessica. Your kick misses Jessica.
Your headbutt misses Jessica.
Jessica is almost dead.
The bat barely misses you. Jessica misses you. Jessica casts a spell at you.
Pain shoots through your body!
Ouch! That really hurt!
You die...

....##
.....
##.#.#
..#.##
#....###
#....b.
#..@.#
#@#
#........
####....#
#... ##


You could see Jessica (fast) and a bat.

Vanquished Creatures
  An adder (D:2)
  A dart slug (D:1)
  An endoplasm (D:1)
  A giant cockroach (D:1)
  A hobgoblin (D:2)
  3 bats (D:1)
  2 kobolds (D:1)
  2 rats (D:1)
12 creatures vanquished.

Notes
Turn   | Place    | Note
-------+----------+-------------------------------------------
     0 | D:1      | porpoise the Demonspawn Transmuter began the quest for the
                  | Orb.
     0 | D:1      | Reached XP level 1. HP: 15/15 MP: 3/3
   728 | D:1      | Reached skill level 3 in Unarmed Combat
   775 | D:1      | Gained mutation: You are partially covered in slimy green
                  | scales. (AC +2) [demonic ancestry]
   775 | D:1      | Reached XP level 2. HP: 19/21 MP: 1/5
   920 | D:2      | Noticed Jessica
   934 | D:2      | Killed from afar by Jessica

Illustrated notes

Levels and vault maps discovered:
D:1:      minmay_arrival_hallway, layout_loops_cross, dk_noncrumbling_2
D:2:      layout_loops_ring, uniq_jessica

Skill      XL: |  1  2 |
---------------+-------+-----
Unarmed Combat | 3 |  3.2
Fighting       | 2 |  2.0
Dodging        | |  1.7
Spellcasting   | |  2.0
Transmutations | |  1.7

Action                   || total
-------------------------++-------
Melee: Unarmed           ||    38
       Kick              ||     5
       Headbutt          ||     6
       Punch             ||     2
 Cast: Beastly Appendage ||    10
 Stab: Sleeping          ||     3
Armor: Robe              ||    10
Dodge: Dodged            ||    26

Table legend: (Time is in decaauts)
 A = Elapsed time spent in this place.
 B = Non-inter-level travel time spent in this place.
 C = Inter-level travel time spent in this place.
 D = Time resting spent in this place.
 E = Time spent auto-exploring this place.
 F = Levels seen in this place.
 G = Mean time per level.
                   A        B        C        D        E       F      G
               +--------+--------+--------+--------+--------+-----+--------+
         Total |    931 |    904 |     27 |    215 |    586 |   2 |  465.5 |
       Dungeon |    931 |    904 |     27 |    215 |    586 |   2 |  465.5 |
               +--------+--------+--------+--------+--------+-----+--------+

Top non-repeatable levels by time:
     D:1: 910 daAuts
     D:2: 21 daAuts
